 Dungeon Crawl Stone Soup version 0.31-a0-831-g143b1e81fc (webtiles) character file.

Game seed: 11485563829483945617

106 Dirtsage the Chopper (level 4, -4/35 HPs)
             Began as a Demonspawn Fighter on Sept 24, 2023.
             Slain by Robin
             ... wielding a +0 mace
              (6 damage)
             ... on level 3 of the Dungeon.
             The game lasted 00:02:10 (1880 turns).

Dirtsage the Chopper (Demonspawn Fighter)           Turns: 1880, Time: 00:02:11

Health: -4/35      AC:  7    Str: 21 (23) XL:     4   Next: 55%
Magic:  4/4        EV:  9    Int:  8      God:
Gold:   82         SH:  9    Dex:  8 (11) Spells: 3/3 levels left

rFire   . . .        a - +0 war axe
rCold   . . .        c - +0 buckler
rNeg    . . .        b - +0 scale mail
rPois   .            (helmet restricted)
rElec   .            (no cloak)
rCorr   .            (no gloves)
SInv    .            h - +0 pair of boots
Will    .....        u - amulet of reflection Stlth
                     (no ring)
HPRegen 0.25/turn    (no ring)
MPRegen 0.09/turn

%: reflection
@: attractive, hasted, very quick
A: antennae 1, screaming 1, strong 1
a: no special abilities


You were on level 3 of the Dungeon.
You visited 1 branch of the dungeon, and saw 3 of its levels.

You collected 82 gold pieces.

Inventory:

Hand Weapons
 a - a +0 war axe (weapon)
Armour
 b - a +0 scale mail (worn)
 c - a +0 buckler (worn)
 h - a +0 pair of boots (worn)
Jewellery
 u - an amulet of reflection (around neck)
Scrolls
 j - a scroll of enchant weapon {unknown}
 k - a scroll of teleportation {unknown}
 m - 2 scrolls of vulnerability {unknown}
 n - a scroll of poison {unknown}
 o - 3 scrolls of identify {unknown}
 p - a scroll of immolation {unknown}
 q - a scroll of fog {unknown}
 r - a scroll of enchant armour {unknown}
 s - a scroll of revelation {unknown}
Potions
 d - a potion of might
 l - a potion of heal wounds {unknown}


   Skills:
 - Level 3.0 Fighting
 + Level 4.4 Axes
 - Level 2.6 Armour
 - Level 2.6 Shields


You had 3 spell levels left.
You didn't know any spells.
Your spell library was empty.

Dungeon Overview and Level Annotations

Branches:
Dungeon (3/15)

Altars:
Hepliaklqana

Annotations:
D:3 Robin


Innate Abilities, Weirdness & Mutations

You have a pair of small antennae on your head.
You occasionally shout uncontrollably at your foes.
Your muscles are strong. (Str +4, Int/Dex -1)


Message History

You miss something.
You hear some strange, mumbled words.
A puff of flame appears from out of thin air!
The puff of flame hits you.
* * * LOW HITPOINT WARNING * * *
You block something's attack.
You take 3 damage, and have 2/35 hp.
You miss something.
You hear some strange, mumbled words.
A puff of flame appears from out of thin air!
The puff of flame misses you.
It was a potion of haste.
You feel yourself speed up. Something hits you but does no damage.
You closely miss something. Something hits you.
* * * LOW HITPOINT WARNING * * *
You take 1 damage, and have 2/35 hp.
You hit something but do no damage. Something hits you but does no damage.
You barely miss something. Something hits you but does no damage.
You barely miss something. Something hits you but does no damage.
You hit something. Something hits you.
* * * LOW HITPOINT WARNING * * *
You take 2 damage, and have 1/35 hp.
You hit something.
Reactivating autopickup.
You feel a bit more experienced.
You feel your intelligence returning.
You hit the rat but do no damage. You slash the rat!
You kill the rat!
The kobold is attracted toward you.
You hit Robin but do no damage. Robin closely misses you.
You closely miss Robin. You block Robin's attack.
You hit Robin.
Robin is moderately wounded.
You block Robin's attack.
You closely miss Robin.
Robin is moderately wounded.
Robin hits you with a +0 mace.
You die...
Robin says, "And that's why I'm the boss."

#........ #g#.#g#.#
#........
###########g#.#.#.#
#..................
#########.#########.#.#.#.#
..........#########........
######........).@gK§#, #
#.############## # #.# #
#.# # #.# # #.# # #.# # #.#


You could see Robin and a kobold.

Vanquished Creatures
  2 orc wizards (D:3)
  A dart slug (D:1)
  2 orcs (D:3)
  4 bats
  4 endoplasms (D:1)
  14 goblins
  3 hobgoblins
  4 jackals (D:2)
  2 quokkas
  A ball python (D:2)
  3 frilled lizards
  3 kobolds (D:2)
  4 rats
47 creatures vanquished.

Notes
Turn   | Place    | Note
-------+----------+-------------------------------------------
     0 | D:1      | Dirtsage the Demonspawn Fighter began the quest for the
                  | Orb.
     0 | D:1      | Reached XP level 1. HP: 18/18 MP: 1/1
   169 | D:1      | Reached skill level 2 in Axes
   406 | D:1      | Gained mutation: You have a pair of small antennae on your
                  | head. [demonic ancestry]
   406 | D:1      | Reached XP level 2. HP: 14/24 MP: 2/2
  1110 | D:1      | Found a hazy altar of Hepliaklqana.
  1191 | D:2      | Reached skill level 3 in Axes
  1531 | D:2      | Reached XP level 3. HP: 27/29 MP: 3/3
  1594 | D:2      | You fall into a shaft and drop 1 floor!
  1732 | D:3      | Found a faded altar of an unknown god.
  1812 | D:3      | Noticed Robin
  1842 | D:3      | Reached skill level 4 in Axes
  1842 | D:3      | Reached XP level 4. HP: 13/35 MP: 4/4
  1851 | D:3      | Gained mutation: You occasionally shout uncontrollably at
                  | your foes. [potion of mutation]
  1851 | D:3      | Gained mutation: Your muscles are strong. (Str +4, Int/Dex
                  | -1) [potion of mutation]
  1873 | D:3      | HP: 1/35 [something (2)]
  1880 | D:3      | Slain by Robin

Illustrated notes

Levels and vault maps discovered:
D:1:      dpeg_arrival_water_altar, layout_basic
D:2:      layout_rooms, grunt_decor_mini_mirrors
D:3:      layout_loops_ring, mainiacjoe_overflow_alcove_4,
          yredelemnul_altar_generic, ebering_ecumenical_altar_webs,
          glass_columns_c, nicolae_figureground_pulse, uniq_robin

Skill      XL: |  1  2  3 |
---------------+----------+-----
Axes           | 2 3 4 |  4.4
Fighting       | |  3.0
Armour         | |  2.6
Shields        | |  2.6

Action                     |  1- 3 |  4- 6 || total
---------------------------+-------+-------++-------
  Melee: War axe           |   108 |    31 ||   139
    Use: Potion            |       |     5 ||     5
 Armour: Scale mail        |    98 |    33 ||   131
  Dodge: Dodged            |    46 |     8 ||    54
  Block: Buckler           |    36 |    14 ||    50

Table legend: (Time is in decaauts)
 A = Elapsed time spent in this place.
 B = Non-inter-level travel time spent in this place.
 C = Inter-level travel time spent in this place.
 D = Time resting spent in this place.
 E = Time spent auto-exploring this place.
 F = Levels seen in this place.
 G = Mean time per level.
                   A        B        C        D        E       F      G
               +--------+--------+--------+--------+--------+-----+--------+
         Total |   1932 |   1902 |     30 |      0 |   1566 |   3 |  644.0 |
       Dungeon |   1932 |   1902 |     30 |      0 |   1566 |   3 |  644.0 |
               +--------+--------+--------+--------+--------+-----+--------+

Top non-repeatable levels by time:
     D:1: 1160 daAuts
     D:2: 605 daAuts
     D:3: 167 daAuts
